 Dungeon Crawl Stone Soup version 0.24-a0-581-gc0fa6600bf (webtiles) character file.

Game seed: 9726565391052515646

4 Amnesiac the Vexing (level 1, 0/10 HPs)
             Began as a Deep Elf Enchanter on Aug 25, 2019.
             Succumbed to a worker ant's poison
             ... on level 2 of the Dungeon.
             The game lasted 00:01:01 (280 turns).

Amnesiac the Vexing (Deep Elf Enchanter)             Turns: 280, Time: 00:01:01

Health: 0/10       AC:  2    Str:  3 (5)  XL:     1   Next: 58%
Magic:  5/6        EV: 13    Int: 22 (24) God:
Gold:   11         SH:  0    Dex: 14 (15) Spells: 5/6 levels left

rFire    . . .     SeeInvis +   a - +1 dagger
rCold    . . .     Gourm    .   (no shield)
rNeg     . . .     Faith    .   b - +0 robe
rPois    .         Spirit   .   (no helmet)
rElec    .         Reflect  .   (no cloak)
rCorr    .         Harm     +   (no gloves)
MR       .....                  (no boots)
Stlth    +++.......             g - amulet of harm
HPRegen  0.03/turn              c - ring of see invisible
MPRegen  0.10/turn              (no ring)

@: brilliant, lethally poisoned (0 -> -14)
A: no striking features
a: no special abilities


You were on level 2 of the Dungeon.
You were not hungry.

You visited 1 branch of the dungeon, and saw 2 of its levels.

You collected 11 gold pieces.

Inventory:

Hand Weapons
 a - a +1 dagger (weapon)
Armour
 b - a +0 robe (worn)
 e - a +0 helmet
Jewellery
 c - a ring of see invisible (left hand)
 g - an amulet of harm (around neck)
Comestibles
 d - a ration


   Skills:
 + Level 1.2 Short Blades
 - Level 2.4 Dodging
 * Level 4.0 Stealth
 - Level 3.0 Spellcasting
 - Level 4.0 Hexes


You had 5 spell levels left.
You knew the following spells:

 Your Spells              Type           Power        Failure   Level  Hunger
a - Corona                Hex            ####...      1%          1    None

Your spell library contained the following spells:

 Spells                   Type           Power        Failure   Level  Hunger
 Ensorcelled Hibernation  Hex/Ice        ####..       1%          2    ##.....
 Confuse                  Hex            ####....     1%          3    ###....
 Dazzling Spray           Conj/Hex       ####..       1%          3    ###....
 Tukima's Dance           Hex            ####....     1%          3    ###....


Dungeon Overview and Level Annotations

Branches:
Dungeon (2/15)

Altars:
Hepliaklqana
Xom


Message History

It was a potion of curing.
You feel better. The worker ant barely misses you.
It was a potion of brilliance.
You feel clever all of a sudden. The worker ant completely misses you.
Casting: Corona (safe; 1% risk of failure)
Confirm with . or Enter, or press ? or * to list all spells.
Aiming: Corona (safe; 1% risk of failure)
Press: ? - help, Shift-Dir - straight line, f - worker ant
Aim: a worker ant (chance to defeat MR: 80%)
The worker ant is outlined in light.
The worker ant barely misses you.
You hit the worker ant but do no damage.
The worker ant bites you.
Ouch! That really hurt!
You are lethally poisoned!
The worker ant poisons you! The worker ant bites you.
* * * LOW HITPOINT WARNING * * *
You aren't carrying any potions.
As you read the scroll labeled EVVAEMM NIJAMN, it crumbles to dust.
It is a scroll of identify.
e - a +0 helmet You die...

..# #.#.# # .## #.#.#
.# .# #.#.# .# .#
#.#.. .# .# #.### .##
.# .. .# .# ..
#.####a# ......
#.##.@.# ## ###.#
#.##.### _# #.# #.##.#
.#####.# #.##.#
..##...# #.##.#
#.#....# #.##.####.#
#.'....#####.........#
####............####(#
##..##########


You could see a worker ant.

Vanquished Creatures
  2 goblins
  A kobold (D:2)
  A rat (D:1)
4 creatures vanquished.

Notes
Turn   | Place    | Note
-------+----------+-------------------------------------------
     0 | D:1      | Amnesiac the Deep Elf Enchanter began the quest for the
                  | Orb.
     0 | D:1      | Reached XP level 1. HP: 10/10 MP: 6/6
   246 | D:2      | Found a shimmering altar of Xom.
   247 | D:2      | Found a hazy altar of Hepliaklqana.
   247 | D:2      | Noticed an insubstantial wisp
   248 | D:2      | Noticed an insubstantial wisp
   248 | D:2      | Noticed a spectral ugly thing
   274 | D:2      | Noticed a worker ant
   280 | D:2      | Succumbed to a worker ant's poison

Levels and vault maps discovered:
D:1:      dpeg_arrival_more_subterranean_lakeside_camping, layout_basic,
          minmay_tree_intersection, interstate_on_off, minmay_lizard_king
D:2:      layout_loops_ring, regret_index_temple_of_mockery, tgw_trog,
          cheibriados_altar_1

Skill      XL: |  1 |
---------------+----+-----
Stealth        | 4 |  4.0
Short Blades   | |  1.2
Dodging        | |  2.4
Spellcasting   | |  3.0
Hexes          | |  4.0

Action                   || total
-------------------------++-------
Melee: Dagger            ||    16
 Cast: Corona            ||     5
  Use: Potion            ||     3
       Scroll            ||     1
Armor: Robe              ||     1
Dodge: Dodged            ||    16

Table legend:
 A = Non-vault XP
 B = Vault XP
 C = Vault XP percentage of total XP
 D = Non-vault monster count
 E = Vault monster count
 F = Vault count percentage of total count
                 A         B        C        D         E       F
            +---------+---------+-------+---------+---------+-------
      Total |       7 |       0 |   0.0 |       4 |       0 |   0.0
            +---------+---------+-------+---------+---------+-------
        D:1 |       3 |       0 |   0.0 |       2 |       0 |   0.0
        D:2 |       4 |       0 |   0.0 |       2 |       0 |   0.0
            +---------+---------+-------+---------+---------+-------
